 Dungeon Crawl Stone Soup version 0.29-a0-559-g359e09b9d1 (webtiles) character file.

Game seed: 7463699441569704059

1162 jlumianski the Covered (level 8, -6/49 HPs)
             Began as a Gargoyle Fighter on June 10, 2022.
             Was an Initiate of Hepliaklqana.
             Mangled by an ogre
             ... wielding a +0 giant club
              (23 damage)
             ... on level 4 of the Dungeon.
             The game lasted 00:22:31 (6796 turns).

jlumianski the Covered (Gargoyle Fighter)           Turns: 6796, Time: 00:22:32

Health: -6/49      AC: 16    Str: 28    XL:     8   Next: 40%
Magic:  8/8        EV: 10    Int: 12    God:    Hepliaklqana [......]
Gold:   73         SH:  4    Dex:  9    Spells: 7/7 levels left

rFire   . . .      SeeInvis +   a - +1 war axe
rCold   + . .      Faith    .   c - +0 buckler
rNeg    + + .      Spirit   .   k - +1 scale mail {rPois}
rPois   ∞          Reflect  .   q - +1 helmet
rElec   +          Harm     .   (no cloak)
rCorr   .          Rampage  .   (no gloves)
Will    .....                   (no boots)
Stlth   ..........              (no amulet)
HPRegen 0.16/turn               G - ring of see invisible
MPRegen 0.11/turn               j - ring of Iguafatu {rC+ rN+ Str+6 Int+3}

@: no status effects
A: sickness immunity, AC +5, negative energy resistance 1, electricity
resistance, torment resistance 1, petrification resistance
a: Renounce Religion


You were on level 4 of the Dungeon.
You worshipped Hepliaklqana.
Hepliaklqana was noncommittal.
You visited 2 branches of the dungeon, and saw 6 of its levels.

You collected 223 gold pieces.
You spent 150 gold pieces at shops.

Inventory:

Hand Weapons
 a - a +1 war axe (weapon)
 h - a +1 mace of protection
 n - a +0 fustibalus
 E - a +0 hand crossbow
Missiles
 f - 113 stones (quivered)
 i - 12 boomerangs
 m - a silver boomerang
 D - 3 poisoned darts
Armour
 b - a +0 scale mail
 c - a +0 buckler (worn)
 k - a +1 scale mail of poison resistance (worn)
 q - a +1 helmet (worn)
Jewellery
 j - the ring of Iguafatu (right hand) {rC+ rN+ Str+6 Int+3}
   (You acquired it on level 4 of the Dungeon)

   [ring of strength]

   Str:       It affects your strength (+6).
   Int:       It affects your intelligence (+3).
   rC:        It protects you from cold.
   rN:        It protects you from negative energy.
 G - a ring of see invisible (left hand)
Wands
 z - a wand of flame (14)
Scrolls
 d - 2 scrolls of torment
 e - a scroll of vulnerability
 s - 2 scrolls of immolation
 w - a scroll of teleportation
 y - 3 scrolls of blinking
Potions
 g - 2 potions of lignification
 l - 2 potions of resistance {unknown}
 o - a potion of heal wounds
 r - a potion of haste {unknown}
 u - a potion of mutation {unknown}
 x - a potion of curing
 B - a potion of attraction


   Skills:
 + Level 5.1 Fighting
 + Level 5.8 Axes
 + Level 2.1 Slings
 + Level 5.9 Armour
 + Level 2.0 Dodging
 + Level 1.3 Stealth
 + Level 4.3 Shields


You had 7 spell levels left.
You didn't know any spells.
Your spell library contained the following spells:

 Spells                   Type           Power      Damage    Failure   Level
 Sandblast                Erth           0%         2d4       65%         1
 Passwall                 Tmut/Erth      0%         N/A       80%         2
 Gell's Gravitas          Tloc           0%         N/A       95%         3
 Stone Arrow              Conj/Erth      0%         3d7       95%         3
 Teleport Other           Tloc           0%         N/A       95%         3
 Dispersal                Tloc           0%         N/A       100%        6


Dungeon Overview and Level Annotations

Branches:
Dungeon (5/15)             Temple (1/1) D:4

Altars:
Ashenzari
Cheibriados
Hepliaklqana
Kikubaaqudgha
Makhleb
Qazlal
Uskayaw
Yredelemnul
Zin
The Shining One

Shops:
D:2 =   D:4 =


Innate Abilities, Weirdness & Mutations

You are immune to sickness and miasma.
Your stone body is resilient. (AC +5)
You are immune to poison.
You resist negative energy. (rN+)
You are resistant to electric shocks. (rElec)
You are resistant to unholy torment.
You are immune to petrification.


Message History

You kill the black bear!
Your Dodging skill increases to level 2!
Okay, then.
You start resting.
HP restored.
You climb downwards.
The iguana bites you! The ogre hits you with a +0 giant club!
The iguana barely misses you.
There is a stone staircase leading up here.
The iguana bites you. The ogre hits you with a +0 giant club.
You climb upwards.
There is a stone staircase leading down here.
Items here: )) [[.
The iguana attacks as you move away!
The iguana bites you but does no damage.
Things that are here:
a +0 robe; a +0 dagger The iguana attacks as you move away!
You block the iguana's attack. The iguana attacks as you move away!
You block the iguana's attack.
You barely miss the iguana. You block the iguana's attack.
You barely miss the iguana. You block the iguana's attack.
You barely miss the iguana.
The iguana bites you but does no damage.
The iguana barely misses you.
You completely miss the iguana. The iguana barely misses you.
You hit the iguana.
The iguana is lightly wounded.
The iguana bites you but does no damage.
You slash the iguana!
The iguana is heavily wounded.
The iguana bites you but does no damage.
You barely miss the iguana.
The iguana is heavily wounded.
The iguana misses you.
You slash the iguana!
You kill the iguana!
You barely miss the ogre. The ogre hits you with a +0 giant club!
You hit the ogre.
The ogre is lightly wounded.
The ogre hits you with a +0 giant club!!
You die...

..........#
#..##............##
.##.#####.#
#..####.#.........##
.##.#####.#
#.......####.###..#.
♣.........#
#.######## #.# #..#.
..#########
#.#......###.# #..+.
..# #.#.####.##..#
#.##. ..#
#...####.##.####.##.
..#
###....#......##..##
###
#@##)#......####.#
#O##>#......# #..
#..[[)......# #.#
####.##.....# #.#
#.....#########.#
#.#.#.#..........
#.#.#....####..PP
#)#..............
#.###.###.#######


You could see an ogre.

Vanquished Creatures
  The ghost of jejorda2 the Skirmisher, an amateur DrFi (D:4)
  A black bear (D:4)
  An ogre (D:4)
  A phantom (D:4)
  2 bullfrogs (D:3)
  2 scorpions
  A hound (D:4)
  An orc priest (D:4)
  3 iguanas (D:4)
  3 orc wizards
  Robin (D:2)
  7 gnolls (D:2)
  7 adders
  An ufetubus (D:5)
  2 worms (D:3)
  5 dart slugs
  24 orcs
  8 ball pythons
  9 endoplasms
  2 giant cockroaches
  21 goblins
  10 hobgoblins
  9 jackals
  6 quokkas
  2 bats (D:2)
  2 frilled lizards
  A kobold (D:3)
  8 rats
141 creatures vanquished.

Vanquished Creatures (others)
  A withered plant (D:5)
1 creature vanquished.

Grand Total: 142 creatures vanquished

Notes
Turn   | Place    | Note
-------+----------+-------------------------------------------
     0 | D:1      | jlumianski the Gargoyle Fighter began the quest for the
                  | Orb.
     0 | D:1      | Reached XP level 1. HP: 14/14 MP: 1/1
   335 | D:1      | Reached XP level 2. HP: 13/19 MP: 2/2
   825 | D:1      | Reached XP level 3. HP: 23/23 MP: 3/3
   962 | D:1      | Found a faded altar of an unknown god.
  1389 | D:2      | Reached XP level 4. HP: 19/29 MP: 4/4
  1622 | D:2      | Noticed Robin
  1631 | D:2      | Killed Robin
  1671 | D:2      | Reached XP level 5. HP: 8/33 MP: 5/5
  2116 | D:2      | Reached skill level 1 in Stealth
  2338 | D:2      | Found Kaplet's Jewellery Emporium.
  3322 | D:3      | Reached XP level 6. HP: 33/38 MP: 6/6
  3553 | D:2      | Reached skill level 1 in Dodging
  4227 | D:3      | Found a stormy altar of Qazlal.
  4706 | D:4      | Found a basalt altar of Yredelemnul.
  4832 | D:4      | Reached skill level 1 in Slings
  4832 | D:4      | Reached XP level 7. HP: 43/43 MP: 7/7
  4874 | D:4      | Found a glowing silver altar of Zin.
  4889 | D:4      | Reached skill level 5 in Armour
  5072 | D:4      | Found a staircase to the Ecumenical Temple.
  5078 | Temple   | Entered the Ecumenical Temple
  5100 | Temple   | Became a worshipper of Hepliaklqana the Forgotten
  5282 | D:4      | Found a runed translucent door.
  5282 | D:4      | Noticed jejorda2's ghost (amateur DrFi)
  5286 | D:4      | Found Geha's Jewellery Emporium.
  5294 | D:4      | Bought a ring of see invisible for 150 gold pieces
  5416 | D:4      | Found a glowing golden altar of the Shining One.
  5636 | D:3      | Reached skill level 5 in Axes
  5724 | D:4      | Killed jejorda2's ghost
  5725 | D:4      | Reached XP level 8. HP: 14/48 MP: 8/8
  6053 | D:4      | Identified a scroll of acquirement
  6101 | D:5      | Entered Level 5 of the Dungeon
  6115 | D:5      | Found an ancient bone altar of Kikubaaqudgha.
  6127 | D:4      | Acquired the ring of Iguafatu {rC+ rN+ Str+6 Int+3}
  6269 | D:4      | Reached skill level 5 in Fighting
  6796 | D:4      | Mangled by an ogre

Illustrated notes

Levels and vault maps discovered:
D:1:      kennysheep_arrival_seaside, layout_rooms,
          ebering_ecumenical_altar_webs
D:2:      cheibrodos_greedy_goblins, layout_loops_ring, serial_shops,
          nicolae_shop_trees, chequers_serial_rivers_large_b,
          grunt_ministairs_3, hangedman_decor_growths, uniq_robin
D:3:      layout_rooms, mainiacjoe_overflow_surrounded_room,
          hangedman_decor_push, guppyfry_early_orc_mine
D:4:      minmay_wonky_spiral, layout_loops_cross,
          mainiacjoe_overflow_boulevard, general_overflow_altar,
          nicolae_tso_swordbearing_angel, minmay_temple_entry_hall,
          serial_shops, nicolae_diamond_shop, ebering_ghost_sewer_d
D:5:      layout_gridville, kiku_gazebo_garden_becter
Temple:   zaba_magenta_temple

Skill      XL: |  1  2  3  4  5  6  7  8 |
---------------+-------------------------+-----
Axes           | 2 3 4 5 |  5.8
Stealth        | 1 |  1.3
Shields        | 4 |  4.3
Armour         | 4 5 |  5.9
Dodging        | 1 2 |  2.0
Fighting       | 4 5 |  5.1
Slings         | 1 2 |  2.1

Action                   |  1- 3 |  4- 6 |  7- 9 || total
-------------------------+-------+-------+-------++-------
Melee: War axe           |    85 |   270 |   130 ||   485
 Fire: Fustibalus        |       |    40 |     4 ||    44
Throw: Stone             |       |     1 |       ||     1
  Use: Potion            |       |     2 |     3 ||     5
       Scroll            |       |       |    14 ||    14
Armor: Scale mail        |    48 |   171 |   138 ||   357
Dodge: Dodged            |    50 |   157 |   101 ||   308
Block: Buckler           |    26 |    70 |    47 ||   143

Table legend: (Time is in decaauts)
 A = Elapsed time spent in this place.
 B = Non-inter-level travel time spent in this place.
 C = Inter-level travel time spent in this place.
 D = Time resting spent in this place.
 E = Time spent auto-exploring this place.
 F = Levels seen in this place.
 G = Mean time per level.
                   A        B        C        D        E       F      G
               +--------+--------+--------+--------+--------+-----+--------+
         Total |   7033 |   6921 |    112 |   1734 |   3106 |   6 | 1172.2 |
       Dungeon |   6988 |   6876 |    112 |   1734 |   3100 |   5 | 1397.6 |
        Temple |     44 |     44 |      0 |      0 |      6 |   1 |   44.0 |
               +--------+--------+--------+--------+--------+-----+--------+

Top non-repeatable levels by time:
     D:2: 2040 daAuts
     D:4: 1989 daAuts
     D:3: 1466 daAuts
     D:1: 1276 daAuts
     D:5: 215 daAuts
  Temple: 44 daAuts
